 Dungeon Sprint DCSS version 0.23-a0-164-g7711e57 (webtiles) character file.

34 emperorscorpion the Thaumaturge (level 3, -9/19 HPs)
             Began as a Deep Elf Air Elementalist on Sept 10, 2018.
             Was an Initiate of Sif Muna.
             Mangled by a black bear (10 damage)
             ... in the Dungeon (Sprint IX: "|||||||||||||||||||||||||||||").
             The game lasted 00:01:57 (248 turns).

emperorscorpion the Thaumaturge (DEAE)               Turns: 248, Time: 00:01:58

Health: -9/19      AC:  4    Str:  5    XL:     3   Next: 14%
Magic:  9/14       EV: 15    Int: 20    God:    Sif Muna [......]
Gold:   0          SH:  0    Dex: 18    Spells: 15/18 levels left

rFire    . . .     SeeInvis .   (no weapon)
rCold    . . .     Gourm    .   (no shield)
rNeg     . . .     Faith    .   o - +0 robe
rPois    .         Spirit   .   p - +0 helmet
rElec    .         Reflect  .   q - +0 cloak
rCorr    .         Harm     .   (no gloves)
MR       .....     NoTele   +   (no boots)
Stlth    ++........             (no amulet)
HPRegen  0.06/turn              r - +2 ring of evasion
MPRegen  0.14/turn              s - +3 ring of dexterity

@: sluggish, very slow
A: no striking features
a: Renounce Religion


You were in the Dungeon.
You worshipped Sif Muna.
Sif Muna was noncommittal.
You were not hungry.

You visited 1 branch

Inventory:

Hand Weapons
 a - a +2 morningstar of crushing
Armour
 o - a +0 robe (worn)
 p - a +0 helmet (worn)
 q - a +0 cloak (worn)
Magical Staves
 b - an uncursed staff of energy
Jewellery
 r - a +2 ring of evasion (left hand)
 s - a +3 ring of dexterity (right hand)
Wands
 m - a wand of acid (9)
Scrolls
 i - 2 scrolls of blinking
 k - 3 scrolls of remove curse
 l - 2 scrolls of amnesia
Potions
 d - a potion of invisibility
 e - 3 potions of heal wounds
 f - a potion of haste
 g - 4 potions of magic
 h - a potion of berserk rage
 j - 4 potions of curing
Comestibles
 c - a ration
 n - 2 chunks of flesh


   Skills:
 - Level 2.4 Dodging
 - Level 2.4 Stealth
 + Level 8.3 Spellcasting
 + Level 2.4 Conjurations
 - Level 3.0 Air Magic


You had 15 spell levels left.
You knew the following spells:

 Your Spells              Type           Power        Failure   Level  Hunger
a - Shock                 Conj/Air       ###.         2%          1    None
b - Swiftness             Chrm/Air       ##......     7%          2    None

Your spell library contained the following spells:

 Spells                   Type           Power        Failure   Level  Hunger
 Static Discharge         Conj/Air       ###.....     9%          3    None
 Airstrike                Air            ###.......   24%         4    ###....
 Lightning Bolt           Conj/Air       ###.......   58%         5    #####..


Dungeon Overview and Level Annotations

Branches:
Dungeon (1/1)

Altars:
Cheibriados
Dithmenos
Elyvilon
Fedhas
Gozag
Hepliaklqana
Kikubaaqudgha
Makhleb
Nemelex Xobeh
Okawaru
Qazlal
Ru
Sif Muna
Trog
Uskayaw
Vehumet
Wu Jian
Xom
Yredelemnul
Zin
The Shining One
Beogh
Jiyva
Lugonu


Message History

You feel sluggish. The black bear barely misses you. The black bear claws you.
The black bear completely misses you.
The black bear bites you but does no damage.
The black bear closely misses you. The black bear misses you.
There is a radiant altar of Vehumet here.
Casting: Shock (safe; 2% risk of failure)
Confirm with . or Enter, or press ? or * to list all spells.
Aiming: Shock (safe; 2% risk of failure)
Press: ? - help, Shift-Dir - straight line, f/p - black bear
Aim: a black bear (almost dead, berserk, fast, unusually strong, covered in The zap hits the black bear.
The black bear is almost dead.
The black bear bites you!
Ouch! That really hurt!
* * * LOW HITPOINT WARNING * * *
The black bear completely misses you. The black bear misses you.
The black bear bites you!
Ouch! That really hurt!
You die... ▓▓▓▓▓▓▓▓▓▓▓▓▓▓▓▓▓▓▓▓▓▓▓▓▓▓▓▓▓▓▓▓▓ ________________@h____'..[)..[..' ▓▓▓▓▓▓▓▓▓▓▓▓▓▓▓▓▓▓▓▓▓▓▓▓▓▓▓▓▓▓▓▓▓

You could see a black bear (berserk).

Vanquished Creatures
  An adder (D)
  2 adder zombies (D)
  A worm (D)
  2 dart slugs (D)
  An orc (D)
  A bat (D)
  A quokka (D)
  A goblin (D)
  A kobold (D)
  A leopard gecko skeleton (D)
12 creatures vanquished.

Notes
Turn   | Place    | Note
-------+----------+-------------------------------------------
     0 | D        | emperorscorpion the Deep Elf Air Elementalist began the
                  | quest for the Orb.
     0 | D        | Reached XP level 1. HP: 10/10 MP: 6/6
     4 | D        | Reached skill level 4 in Spellcasting
     6 | D        | Reached skill level 5 in Spellcasting
     6 | D        | Reached XP level 2. HP: 15/15 MP: 3/10
    29 | D        | Reached skill level 6 in Spellcasting
    32 | D        | Reached skill level 7 in Spellcasting
   152 | D        | Reached skill level 8 in Spellcasting
   152 | D        | Reached XP level 3. HP: 10/19 MP: 7/14
   163 | D        | Found a roughly hewn altar of Beogh.
   163 | D        | Found a snail-covered altar of Cheibriados.
   163 | D        | Found a shadowy altar of Dithmenos.
   163 | D        | Found a white marble altar of Elyvilon.
   163 | D        | Found a blossoming altar of Fedhas.
   163 | D        | Found an opulent altar of Gozag.
   164 | D        | Found a hazy altar of Hepliaklqana.
   165 | D        | Found a viscous altar of Jiyva.
   166 | D        | Found an ancient bone altar of Kikubaaqudgha.
   167 | D        | Found a corrupted altar of Lugonu.
   168 | D        | Found a burning altar of Makhleb.
   169 | D        | Found a sparkling altar of Nemelex Xobeh.
   170 | D        | Found an iron altar of Okawaru.
   171 | D        | Found a stormy altar of Qazlal.
   172 | D        | Found a sacrificial altar of Ru.
   173 | D        | Found a deep blue altar of Sif Muna.
   174 | D        | Found a bloodstained altar of Trog.
   175 | D        | Found a hide-covered altar of Uskayaw.
   176 | D        | Found a radiant altar of Vehumet.
   177 | D        | Found an ornate altar of the Wu Jian Council.
   178 | D        | Found a shimmering altar of Xom.
   179 | D        | Found a basalt altar of Yredelemnul.
   180 | D        | Found a glowing silver altar of Zin.
   181 | D        | Became a worshipper of Sif Muna the Loreminder
   182 | D        | Found a glowing golden altar of the Shining One.
   225 | D        | Learned a level 2 spell: Swiftness
   226 | D        | Noticed a black bear
   226 | D        | Noticed a hornet
   226 | D        | Noticed a two-headed ogre
   248 | D        | Mangled by a black bear

Vault maps used:
D:        linesprint

Skill      XL: |  1  2 |
---------------+-------+-----
Spellcasting   | 5 8 |  8.3
Conjurations   | 2 |  2.4
Dodging        | |  2.4
Stealth        | |  2.4
Air Magic      | |  3.0

Action                   || total
-------------------------++-------
Melee: Unarmed           ||     9
 Cast: Shock             ||    22
       Swiftness         ||     1
Evoke: Wand              ||     1
  Use: Potion            ||     1
Armor: Robe              ||     2
Dodge: Dodged            ||    13

Table legend:
 A = Non-vault XP
 B = Vault XP
 C = Vault XP percentage of total XP
 D = Non-vault monster count
 E = Vault monster count
 F = Vault count percentage of total count
                 A         B        C        D         E       F
            +---------+---------+-------+---------+---------+-------
      Total |       0 |      49 | 100.0 |       0 |      12 | 100.0
            +---------+---------+-------+---------+---------+-------
          D |       0 |      49 | 100.0 |       0 |      12 | 100.0
            +---------+---------+-------+---------+---------+-------
